[Event "*** Qualifier 4: Titled Tuesday 3|2 Blitz"]
[Site "Chess.com"]
[Date "2017.04.25"]
[Round "9"]
[White "Oneofmyturns"]
[Black "VMikhalevski"]
[Result "1/2-1/2"]
[WhiteElo "2517"]
[BlackElo "2552"]
[TimeControl "180+2"]
[EndTime "15:04:36 PDT"]
[Termination "Game drawn by 50-move rule"]

1. d4 Nf6 2. c4 g6 3. f3 Nh5 4.
Be3 Bg7 5. g4 Nf6 6. Nc3 d6 7.
Nh3 h5 8. g5 Nh7 9. Qd2 Nc6 10.
f4 O-O 11. Rd1 Bf5 12. Nf2 Nb4 13. Rc1 c5 14. dxc5 dxc5 15. Bxc5 Qxd2+ 16. Kxd2 Rfd8+ 17. Nd3 Nxd3 18. exd3 e5 19. Be3 Be6 20. Kc2 Rac8 21. Bg2 b5 22. Nxb5 Bf5 23. Be4 Bxe4 24. dxe4 Rxc4+ 25. Nc3 exf4 26. Bxf4 Bxc3 27. bxc3 Rxe4 28. Rhf1 Nf8 29.
Rce1 Ra4 30. Kb3 Ra6 31. Re7 Ne6 32. Be5 Nxg5 33. h4 Re6 34. Bf6 Rb8+ 35. Kc2 Rxe7 36.
Bxe7 Ne6 37. Rd1 Re8 38. Bf6 Nc5 39. Rd5 Ne4 40. Bd4 a6 41. Rd7 f5 42. Rg7+ Kf8 43. Rxg6 f4 44. Rh6 Kf7 45. Rxh5 Kg6 46. Ra5 f3 47. h5+ Kh6 48. Be3+ Kh7 49. Rxa6 f2 50.
Ra7+ Kg8 51. Bxf2 Nxf2 52. a4 Ne4 53. Kd3 Nc5+ 54. Kd4 Rc8 55. c4 Ne6+ 56. Kd5 Nf4+ 57.
Kd4 Nxh5 58. c5 Nf4 59. Ra5 Kf7 60. Rb5 Ke6 61. a5 Rd8+ 62. Ke4 Nd5 63. Rb7 Nc3+ 64. Ke3 Kd5 65. a6 Kxc5 66. a7 Nd5+ 67. Ke4 Ra8 68.
Ke5 Kc6 69. Rb1 Nc7 70. Rc1+ Kb6 71. Rb1+ Nb5 72. Ra1 Nxa7 73. Rb1+ Nb5 74. Rc1 Re8+ 75. Kd5 Rd8+ 76. Ke5 Na7 77. Rb1+ Kc7 78. Rc1+ Nc6+ 79. Ke6 Rd6+ 80. Kf5 Kd7 81. Kf4 Ke6 82. Re1+ Kf6 83. Re8 Ne7 84. Rf8+ Ke6 85. Re8 Ra6 86. Ke4 Ra4+ 87.
Ke3 Kd6 88. Rd8+ Ke5 89. Re8 Kf6 90. Rf8+ Kg5 91. Re8 Nf5+ 92. Kd3 Kf4 93. Rf8 Rd4+ 94. Kc3 Rd7 95. Re8 Nd6 96. Re1 Ne4+ 97. Kc4 Ke5 98.
Rh1 Rc7+ 99. Kb4 Nf6 100. Re1+ Kd6 101. Rh1 Nd5+ 102. Kb3 Rc3+ 103. Kb2 Rg3 104. Rc1 Nb4 105. Rc3 Rg4 106. Kb3 Nc6 107. Kc2 Kd5 108. Kd2 Ne5 109. Rc8 Nc4+ 110. Kd3 Rg3+ 111. Ke2 Kd4 112. Rd8+ Ke4 113. Re8+ Ne5 114. Kd2 Ra3 115. Kc2 Kd4 116. Rd8+ Ke3 117. Re8 Ra5 118. Kc3 Ke4 119. Kb4 Ra1 120. Kc3 Rc1+ 121. Kb2 Rc7 122. Kb3 Kd4 123. Rd8+ Nd7 124. Kb2 Kd3 125. Rh8 Rb7+ 126. Kc1 Ne5 127. Rh3+ Kd4 128. Kc2 Rg7 129. Rh4+ Ke3 130. Rh3+ Nf3 131. Kc3 Rc7+ 132. Kb4 Ke4 133. Kb5 Nd4+ 134. Kb4 Nc6+ 135. Kc5 Ne5+ 136. Kb4 Kd5 137. Rh5 Rc4+ 138. Kb3 Re4 139. Kc3 Kc5 140. Rh8 Re3+ 141. Kc2 Nc6 142. Rc8 Kd5 143. Kd2 Rh3 144. Ke2 Nd4+ 1/2-1/2

[Event "*** Qualifier 4: Titled Tuesday 3|2 Blitz"]
[Site "Chess.com"]
[Date "2017.04.25"]
[Round "10"]
[White "Schemato"]
[Black "GamayevOleg"]
[Result "1-0"]
[WhiteElo "2245"]
[BlackElo "2319"]
[TimeControl "180+2"]
[EndTime "15:06:47 PDT"]
[Termination "Schemato won by resignation"]

1. c4 Nf6 2. Nc3 g6 3. g3 Bg7 4. Bg2 O-O 5. e4 d6 6. Nge2 Nbd7 7.
O-O e5 8. d3 c6 9. h3 a5 10.
Be3 Nc5 11. Qd2 Re8 12. Rae1 Qc7 13. b3 Bd7 14. f4 b5 15. fxe5 dxe5 16. Bxc5 1-0

[Event "*** Qualifier 4: Titled Tuesday 3|2 Blitz"]
[Site "Chess.com"]
[Date "2017.04.25"]
[Round "10"]
[White "dolynachess"]
[Black "tigra"]
[Result "0-1"]
[WhiteElo "2389"]
[BlackElo "2602"]
[TimeControl "180+2"]
[EndTime "15:07:49 PDT"]
[Termination "tigra won by resignation"]

1. c4 e5 2. g3 Nf6 3. Bg2 d5 4. cxd5 Nxd5 5. Nf3 Nc6 6. O-O Nb6 7.
Nc3 Be7 8. a3 O-O 9. b4 Re8 10.
b5 Nd4 11. Nxe5 Bf6 12. f4 Bxe5 13. fxe5 Rxe5 14. a4 Bg4 15. Rf2 Nxe2+ 16. Nxe2 Rxe2 17. Bb2 Rxf2 18. Qxg4 Rxg2+ 19. Kh1 Rxh2+ 20. Kg1 g6 0-1

[Event "*** Qualifier 4: Titled Tuesday 3|2 Blitz"]
[Site "Chess.com"]
[Date "2017.04.25"]
[Round "10"]
[White "silverback96"]
[Black "politeplayer"]
[Result "1-0"]
[WhiteElo "2087"]
[BlackElo "2174"]
[TimeControl "180+2"]
[EndTime "15:09:25 PDT"]
[Termination "silverback96 won by resignation"]

1. Nf3 d5 2. g3 Nf6 3. Bg2 e6 4.
O-O c5 5. c4 Nc6 6. cxd5 exd5 7. d4 Be7 8. Nc3 O-O 9. dxc5 Bxc5 10. Na4 Bd6 11. Be3 Re8 12. Rc1 Rxe3 13. fxe3 Ng4 14.
Qd3 Qe7 15. Rc3 Nb4 16. Qb1 Nxe3 17. Rfc1 Bf5 18. Qa1 b5 19. Nd4 bxa4 20. Nxf5 Nxf5 21. Rc8+ Qe8 22. Rxe8+ Rxe8 23. a3 Na6 24. Bxd5 Bc5+ 25. Kh1 Rxe2 26. Bc4 Nc7 27. Bxe2 1-0

[Event "*** Qualifier 4: Titled Tuesday 3|2 Blitz"]
[Site "Chess.com"]
[Date "2017.04.25"]
[Round "10"]
[White "MyleneFarmer"]
[Black "Oneofmyturns"]
[Result "0-1"]
[WhiteElo "2348"]
[BlackElo "2522"]
[TimeControl "180+2"]
[EndTime "15:09:54 PDT"]
[Termination "Oneofmyturns won on time"]

1. b3 e5 2. Bb2 Nc6 3. e3 Nf6 4. Bb5 d6 5. d4 exd4 6. exd4 a6 7. Bd3 Be7 8. a3 O-O 9. Ne2 d5 10. O-O Bd6 11. Ng3 Bg4 12. Qd2 Qd7 13.
Qg5 h6 14. Qh4 Bf4 15. Bf5 Bxg3 16. Bxd7 Bxh4 17. Bxg4 Nxg4 0-1

[Event "*** Qualifier 4: Titled Tuesday 3|2 Blitz"]
[Site "Chess.com"]
[Date "2017.04.25"]
[Round "10"]
[White "BogdanDeac"]
[Black "yurisolo"]
[Result "0-1"]
[WhiteElo "2551"]
[BlackElo "2500"]
[TimeControl "180+2"]
[EndTime "15:10:02 PDT"]
[Termination "yurisolo won by resignation"]

1. d4 d6 2. Bf4 Nd7 3. Nf3 g6 4.
Nc3 Bg7 5. e4 e5 6. Bg3 c6 7. Qd2 Qe7 8. Rd1 Ngf6 9. dxe5 dxe5 10. Qd6 Qxd6 11. Rxd6 Nh5 12. Bh4 f6 13. Rd1 Nb6 14.
Nd2 g5 15. Bg3 Be6 16. f3 Nxg3 17. hxg3 h5 18. Nb3 Bf8 19. Be2 Bb4 20. Kf2 Ke7 21.
Nb1 a5 22. a3 a4 23. Nc1 Bc5+ 24. Ke1 h4 25. gxh4 Rxh4 26. Nd3 Rxh1+ 0-1

[Event "*** Qualifier 4: Titled Tuesday 3|2 Blitz"]
[Site "Chess.com"]
[Date "2017.04.25"]
[Round "10"]
[White "MasterLeif"]
[Black "TregubovP"]
[Result "0-1"]
[WhiteElo "2318"]
[BlackElo "2401"]
[TimeControl "180+2"]
[EndTime "15:10:41 PDT"]
[Termination "TregubovP won by resignation"]

1. e4 c5 2. Nf3 e6 3. c3 d5 4. exd5 exd5 5. d4 Nc6 6. Be3 Qb6 7. Qb3 c4 8. Qc2 Bf5 9. Qxf5 Qxb2 10. Qxd5 Qxa1 11. Bxc4 Qxb1+ 12. Ke2 Qc2+ 13. Nd2 Qg6 14. Bd3 Qd6 15. Qb5 Nf6 16. Qxb7 Rb8 17. Qa6 Be7 18.
Ne4 Nxe4 19. Bxe4 Rb6 20. Qc8+ Bd8 21. d5 Rb2+ 22. Bd2 Ne7 23. Qg4 O-O 24. Rd1 f5 25. Qxg7+ 0-1

[Event "*** Qualifier 4: Titled Tuesday 3|2 Blitz"]
[Site "Chess.com"]
[Date "2017.04.25"]
[Round "10"]
[White "FearlessKing64"]
[Black "Robin-Side"]
[Result "0-1"]
[WhiteElo "2090"]
[BlackElo "2294"]
[TimeControl "180+2"]
[EndTime "15:10:43 PDT"]
[Termination "Robin-Side won by resignation"]

1. e4 c5 2. Nf3 Nc6 3. d4 cxd4 4.
Nxd4 e5 5. Nb5 d6 6. N1c3 a6 7. Na3 b5 8. Nd5 Nge7 9. c4 Nd4 10. Nc2 Nxd5 11. exd5 Nxc2+ 12. Qxc2 bxc4 13. Bxc4 Be7 14. Bd3 Bb7 15. Bxh7 Qa5+ 16. Bd2 Qxd5 17. f3 g6 18. Bxg6 fxg6 19. Qxg6+ Qf7 20. Qd3 Rc8 21. O-O Qh7 22.
Qxh7 Rxh7 23. Rae1 Rc2 24. Bc3 Bd8 25. h3 Rg7 26.
Kh1 Rgxg2 0-1

[Event "*** Qualifier 4: Titled Tuesday 3|2 Blitz"]
[Site "Chess.com"]
[Date "2017.04.25"]
[Round "10"]
[White "Rock700chess"]
[Black "ChristopherYoo"]
[Result "1-0"]
[WhiteElo "2285"]
[BlackElo "2285"]
[TimeControl "180+2"]
[EndTime "15:10:47 PDT"]
[Termination "Rock700chess won by checkmate"]

1. e4 c5 2. d4 cxd4 3. c3 dxc3 4.
Nxc3 d6 5. Nf3 e6 6. Bc4 Nc6 7. O-O a6 8. Qe2 Nf6 9. Bb3 Be7 10. Be3 O-O 11. Rfd1 Qc7 12. Rac1 Bd7 13. Nd5 exd5 14. exd5 Rfe8 15. dxc6 bxc6 16. Ng5 d5 17. Bxd5 Nxd5 18. Rxd5 Bd6 19. Qh5 h6 20. Qxf7+ Kh8 21. Bd4 Bxh2+ 22. Kh1 Rg8 23. Rxd7 Qxd7 24. Qg6 hxg5 25. Qh6# 1-0

[Event "*** Qualifier 4: Titled Tuesday 3|2 Blitz"]
[Site "Chess.com"]
[Date "2017.04.25"]
[Round "10"]
[White "indfraeng"]
[Black "Enzy63"]
[Result "0-1"]
[WhiteElo "1796"]
[BlackElo "2017"]
[TimeControl "180+2"]
[EndTime "15:10:48 PDT"]
[Termination "Enzy63 won by resignation"]

1. d4 Nf6 2. c4 g6 3. Nc3 Bg7 4. e4 d6 5. f3 a6 6. Be3 c6 7. Nge2 Nbd7 8. Qd2 b5 9. b3 e5 10. g4 bxc4 11. bxc4 exd4 12. Nxd4 Ne5 13. g5 Nfd7 14.
f4 c5 15. Nc2 Nf3+ 16. Ke2 Nxd2 17. Bxd2 O-O 18. Bg2 Rb8 19. Ne3 Nb6 20. Ned5 Nxd5 21. cxd5 Rb2 22. Rab1 Bxc3 23. Rxb2 Bxb2 24. Rb1 Bd4 25. Be3 a5 26. Bxd4 cxd4 27. Kd3 f6 28. Kxd4 fxg5 29. fxg5 Qxg5 0-1

[Event "*** Qualifier 4: Titled Tuesday 3|2 Blitz"]
[Site "Chess.com"]
[Date "2017.04.25"]
[Round "10"]
[White "rithwik2002"]
[Black "Gabrielian_Artur"]
[Result "0-1"]
[WhiteElo "1835"]
[BlackElo "2549"]
[TimeControl "180+2"]
[EndTime "15:11:01 PDT"]
[Termination "Gabrielian_Artur won on time"]

1. d4 Nf6 2. c4 g6 3. f3 d5 4.
cxd5 Nxd5 5. e4 Nb6 6. Nc3 Bg7 7. Be3 O-O 8. Qd2 Nc6 9. O-O-O f5 10. h4 fxe4 11. h5 gxh5 12. Rxh5 Bf5 13. Rg5 Bg6 14. Be2 e5 15. d5 Nd4 16. fxe4 c5 17. Nf3 Nd7 18.
Nh4 Qf6 19. Rh1 Rf7 20. Kb1 Nxe2 21. Qxe2 Raf8 22. Nf3 Qe7 23. Rg3 Rf4 24. Rgh3 Nf6 25. Bxf4 exf4 0-1

[Event "*** Qualifier 4: Titled Tuesday 3|2 Blitz"]
[Site "Chess.com"]
[Date "2017.04.25"]
[Round "10"]
[White "pastouche06"]
[Black "Marcus_Harvey"]
[Result "1-0"]
[WhiteElo "2344"]
[BlackElo "2491"]
[TimeControl "180+2"]
[EndTime "15:11:38 PDT"]
[Termination "pastouche06 won by resignation"]

1. c4 e6 2. Nc3 f5 3. d3 Nf6 4. g3 Bb4 5. Bg2 O-O 6. Nf3 d6 7.
O-O Bxc3 8. bxc3 e5 9. d4 e4 10. Ng5 c5 11. f3 h6 12. Nh3 g5 13. Nf2 Qe7 14. Qc2 e3 15. Nd3 Nc6 16. f4 cxd4 17. fxg5 hxg5 18. Bb2 dxc3 19. Qxc3 Kh7 20. Rad1 Bd7 21.
Nb4 Ne4 22. Bxe4 fxe4 23. Nd5 Qe5 24. Nf6+ Rxf6 25. Rxf6 Qxc3 26. Bxc3 Rd8 27. Rdxd6 Be8 28. Rxd8 Nxd8 29. Rf8 1-0

[Event "*** Qualifier 4: Titled Tuesday 3|2 Blitz"]
[Site "Chess.com"]
[Date "2017.04.25"]
[Round "10"]
[White "swayamsm"]
[Black "biostatistician"]
[Result "1-0"]
[WhiteElo "2441"]
[BlackElo "2443"]
[TimeControl "180+2"]
[EndTime "15:11:38 PDT"]
[Termination "swayamsm won on time"]

1. d4 Nf6 2. c4 g6 3. Nc3 Bg7 4.
e4 d6 5. Be2 O-O 6. Be3 Nbd7 7.
g4 c5 8. d5 a6 9. g5 Ne8 10. h4 b5 11. cxb5 axb5 12. Bxb5 Ba6 13. Bxa6 Rxa6 14. Qe2 Qa5 15. Kf1 Rb6 16. Kg2 Nc7 17. Nf3 Rfb8 18. Nd1 Bxb2 19. Nxb2 Rxb2 20. Bd2 Qa4 21. h5 Ne5 22. hxg6 fxg6 23. Nxe5 dxe5 24. Qe3 Qe8 25. Bc3 Rc2 26. Bxe5 Rc8 27. Rxh7 1-0

[Event "*** Qualifier 4: Titled Tuesday 3|2 Blitz"]
[Site "Chess.com"]
[Date "2017.04.25"]
[Round "10"]
[White "jcgs1030"]
[Black "DiogenesSinopeus"]
[Result "0-1"]
[WhiteElo "2257"]
[BlackElo "2260"]
[TimeControl "180+2"]
[EndTime "15:11:45 PDT"]
[Termination "DiogenesSinopeus won by resignation"]

1. e4 e5 2. Nf3 Nc6 3. Bb5 a6 4. Ba4 d6 5. d4 b5 6. Bb3 Nxd4 7.
Nxd4 exd4 8. a4 Bd7 9. axb5 axb5 10. Rxa8 Qxa8 11. Qxd4 Nf6 12. Qe3 Qxe4 13. O-O Qxe3 14. Bxe3 Be7 15. Re1 O-O 16. Nc3 b4 17. Bd4 Bd8 18.
Bxf6 Bxf6 19. Nd5 Bxb2 20. Nxc7 Rc8 21. Re7 Rxc7 22. Rxf7 d5 23. Bxd5 Be6 24. Rxc7 Bxd5 25. Rc5 Be6 26. h3 Bc3 27. h4 Ba2 28. Kf1 Bb1 29.
Ke2 Bxc2 30. h5 b3 31. Rxc3 b2 32. Rc8+ Kf7 33. Rxc2 b1=Q 34. Rc7+ Kf6 35. Rc6+ Ke7 36. Rc7+ Kd6 37. Rxg7 Qb2+ 0-1

[Event "*** Qualifier 4: Titled Tuesday 3|2 Blitz"]
[Site "Chess.com"]
[Date "2017.04.25"]
[Round "10"]
[White "rasool78"]
[Black "djogrodek1"]
[Result "0-1"]
[WhiteElo "2237"]
[BlackElo "2371"]
[TimeControl "180+2"]
[EndTime "15:11:53 PDT"]
[Termination "djogrodek1 won by resignation"]

1. e4 c6 2. d4 d5 3. exd5 cxd5 4. Bd3 Nc6 5. c3 Qc7 6. h3 g6 7. Nf3 Bf5 8. O-O Bxd3 9. Qxd3 Bg7 10. Re1 e6 11. Na3 a6 12. Nc2 Nge7 13. Ne3 O-O 14. Ng4 h5 15. Nge5 Nxe5 16. Nxe5 Nc6 17. Nf3 b5 18. Bg5 b4 19. Rac1 bxc3 20. Rxc3 Qb6 21. Rb3 Qa7 22. Be3 Rab8 23. Rxb8 Rxb8 24. Rc1 Nb4 25. Qb3 Nc6 26. Rxc6 Rxb3 27. Rc8+ Bf8 28. axb3 Kg7 29. Bf4 Be7 30. Rc7 Qb8 31. Be5+ Kf8 32. Rxe7 Qxb3 33. Bf6 Qd1+ 34. Kh2 Qc1 35. g3 Qf1 36.
Ne5 Qxf2+ 37. Kh1 Qxf6 38. Rxf7+ Qxf7 39. Nxf7 Kxf7 40. Kg2 Kf6 41. Kf3 e5 42. Ke3 Kf5 43.
b4 e4 44. Kf2 Kg5 45. Ke3 Kf5 46. Kf2 Ke6 47. Ke3 g5 48. Kf2 Kf5 49. Ke3 h4 50.
g4+ Ke6 51. Kd2 Kd6 52. Kc3 Kc6 53. Kb3 Kb5 54. Kc3 e3 0-1

[Event "*** Qualifier 4: Titled Tuesday 3|2 Blitz"]
[Site "Chess.com"]
[Date "2017.04.25"]
[Round "10"]
[White "Ilja_Semjonovs"]
[Black "Malev212"]
[Result "0-1"]
[WhiteElo "2258"]
[BlackElo "2483"]
[TimeControl "180+2"]
[EndTime "15:12:01 PDT"]
[Termination "Malev212 won by resignation"]

1. e4 c5 2. Nf3 d6 3. d4 cxd4 4.
Nxd4 Nf6 5. Nc3 g6 6. Be3 a6 7. f3 Nbd7 8. Qd2 h6 9. g4 b5 10.
O-O-O Bb7 11. h4 Rc8 12. Bh3 b4 13. Nce2 Qa5 14. Kb1 e5 15. Nb3 Qc7 16. g5 hxg5 17.
hxg5 Nh5 18. Bg4 a5 19. Bxd7+ Kxd7 20. Nc5+ Ke8 21. Nxb7 Qxb7 22. Ng3 a4 23. Nxh5 gxh5 24. b3 Rc3 25. Qe2 Be7 26. Rd3 axb3 27. cxb3 Qa6 28. Rhd1 h4 29. f4 h3 30. Bg1 Rxd3 31. Rxd3 h2 32.
Bxh2 Rxh2 33. Qxh2 Qxd3+ 34. Kb2 Qd4+ 35. Kc1 Qa1+ 0-1

[Event "*** Qualifier 4: Titled Tuesday 3|2 Blitz"]
[Site "Chess.com"]
[Date "2017.04.25"]
[Round "10"]
[White "Blitzstream"]
[Black "gumersindo"]
[Result "1-0"]
[WhiteElo "2448"]
[BlackElo "2274"]
[TimeControl "180+2"]
[EndTime "15:12:07 PDT"]
[Termination "Blitzstream won by checkmate"]

1. g3 d5 2. Bg2 Nf6 3. b3 e6 4.
Bb2 Be7 5. d3 O-O 6. Nd2 b6 7. e3 Bb7 8. Ne2 c5 9. O-O Nc6 10. f4 Qc7 11. h3 a5 12. Nf3 a4 13. a3 axb3 14. cxb3 Nd7 15. g4 Bf6 16. d4 Ba6 17. g5 Be7 18. Rf2 c4 19. b4 b5 20. h4 Nb6 21. Nc3 Na7 22. Bh3 Bc8 23. Rg2 Bd7 24. h5 Na4 25. Ne5 Nxc3 26. Bxc3 Nc8 27.
g6 fxg6 28. hxg6 h6 29. Qh5 Nb6 30. Nf7 Bf6 31. Nxh6+ gxh6 32. Qxh6 Bc8 33. g7 Bxg7 34. Kh2 Rf7 35. Rag1 Rxa3 36. Be1 Rxe3 37. Bh4 Qxf4+ 38. Qxf4 Rxf4 39. Rxg7+ Kf8 40. Rg8+ Kf7 41. R1g7# 1-0

[Event "*** Qualifier 4: Titled Tuesday 3|2 Blitz"]
[Site "Chess.com"]
[Date "2017.04.25"]
[Round "10"]
[White "cailinchetty"]
[Black "Outsmiter"]
[Result "1-0"]
[WhiteElo "1949"]
[BlackElo "2028"]
[TimeControl "180+2"]
[EndTime "15:12:14 PDT"]
[Termination "cailinchetty won by resignation"]

1. e4 d6 2. d4 Nf6 3. Nc3 g6 4.
f3 Bg7 5. Be3 O-O 6. Qd2 a6 7. Bd3 b5 8. Nce2 Bb7 9. Nh3 e5 10.
d5 Nbd7 11. Nf2 c6 12. dxc6 Bxc6 13. O-O-O Qc7 14. h4 d5 15. h5 d4 16. Bh6 Rfc8 17.
hxg6 fxg6 18. g4 Nc5 19. Kb1 Ne6 20. Rh2 a5 21. Rdh1 Bh8 22. Ng3 a4 23. Nh3 b4 24.
Ng5 Nf4 25. Bc4+ N6d5 26. Bxd5+ Nxd5 27. exd5 Bxd5 28. N3e4 b3 29. cxb3 axb3 30. a3 Qc2+ 31. Qxc2 bxc2+ 32. Rxc2 d3 33. Rxc8+ Rxc8 34. Nc3 Bb3 35.
Nge4 Rd8 36. Kc1 Rd7 37. Kd2 Bg7 38. Nc5 Bxh6+ 39. Rxh6 Rd4 40. Nxb3 1-0

[Event "*** Qualifier 4: Titled Tuesday 3|2 Blitz"]
[Site "Chess.com"]
[Date "2017.04.25"]
[Round "10"]
[White "chesstatour"]
[Black "ABDELAZEEZ-M"]
[Result "0-1"]
[WhiteElo "1911"]
[BlackElo "2191"]
[TimeControl "180+2"]
[EndTime "15:12:16 PDT"]
[Termination "ABDELAZEEZ-M won on time"]

1. e4 c5 2. Nf3 Nc6 3. d4 cxd4 4.
Nxd4 g6 5. c4 Bg7 6. Be3 Nf6 7.
Nc3 Ng4 8. Qxg4 Nxd4 9. Qd1 Ne6 10. f3 Bxc3+ 11. bxc3 Qa5 12. Qb3 b6 13. Be2 Bb7 14.
O-O g5 15. Rfd1 Nf4 16. Bf1 Rc8 17. Qb4 Qxb4 18. cxb4 d6 19. a4 Ne6 20. a5 bxa5 21.
Rxa5 a6 22. Bxg5 Rg8 23. Be3 f6 24. c5 dxc5 25. Bc4 Kf7 26. bxc5 Rgd8 27. Bd5 Bxd5 28.
exd5 Nc7 29. d6 exd6 30. cxd6 Ke6 31. Bf4 Nd5 32. Re1+ Kf5 33. Rxd5+ Kxf4 34. Re2 f5 35. Kf2 Rc6 0-1

[Event "*** Qualifier 4: Titled Tuesday 3|2 Blitz"]
[Site "Chess.com"]
[Date "2017.04.25"]
[Round "10"]
[White "Indianlad"]
[Black "ChessQueen"]
[Result "0-1"]
[WhiteElo "2674"]
[BlackElo "2528"]
[TimeControl "180+2"]
[EndTime "15:12:20 PDT"]
[Termination "ChessQueen won by resignation"]

1. e4 c5 2. Nf3 Nc6 3. Bb5 Nf6 4.
e5 Nd5 5. O-O Nc7 6. Be2 g6 7.
c3 Bg7 8. d4 cxd4 9. cxd4 O-O 10. Nc3 d6 11. exd6 Qxd6 12. d5 Ne5 13. Bg5 Nxf3+ 14.
Bxf3 Bf5 15. Re1 Rfe8 16. Qb3 Rab8 17. Bh4 Qd7 18. Rad1 Na6 19. h3 Nc5 20. Qc4 Rbc8 21. Qe2 Bxc3 22. bxc3 Na4 23. Qd2 Rxc3 24. d6 Rd3 25.
Qxd3 Bxd3 26. dxe7 Nc5 27. Re3 Qd4 28. Bg3 Qc4 29.
Bd6 Bc2 30. Bd5 Qa4 31. Rde1 Nd3 32. Rf3 Nxe1 33. Rxf7 Qd4 34. Rf8+ Kg7 35. Rxe8 Qxd5 36. f3 Ba4 37. Rd8 Qxa2 0-1

[Event "*** Qualifier 4: Titled Tuesday 3|2 Blitz"]
[Site "Chess.com"]
[Date "2017.04.25"]
[Round "10"]
[White "GM_Huschenbeth"]
[Black "SergeiAza"]
[Result "0-1"]
[WhiteElo "2378"]
[BlackElo "2684"]
[TimeControl "180+2"]
[EndTime "15:12:33 PDT"]
[Termination "SergeiAza won by resignation"]

1. e4 c5 2. Nf3 Nc6 3. d4 cxd4 4.
Nxd4 Qb6 5. Nb3 Nf6 6. Nc3 e6 7. Qe2 Bb4 8. Bd2 O-O 9. a3 Be7 10. O-O-O d5 11. e5 Nd7 12. f4 Nc5 13. Nxc5 Qxc5 14. Qh5 b5 15. Bd3 g6 16. Qh6 b4 17.
Na4 Qd4 18. axb4 Nxb4 19. Bxb4 Qxb4 20. b3 Bd7 21. h4 Rfc8 22. h5 Bf8 23. Qg5 h6 24.
Qg3 g5 25. fxg5 Bxa4 26. bxa4 Qc3 27. gxh6+ Kh8 28. Qg5 Ba3+ 0-1

[Event "*** Qualifier 4: Titled Tuesday 3|2 Blitz"]
[Site "Chess.com"]
[Date "2017.04.25"]
[Round "10"]
[White "VMikhalevski"]
[Black "woodhy"]
[Result "0-1"]
[WhiteElo "2541"]
[BlackElo "2426"]
[TimeControl "180+2"]
[EndTime "15:12:43 PDT"]
[Termination "woodhy won on time"]

1. d4 e6 2. c4 b6 3. e4 Bb7 4. Qc2 Bb4+ 5. Bd2 Bxd2+ 6. Nxd2 d6 7. Ngf3 Nd7 8. Be2 Qe7 9. O-O e5 10. b4 Ngf6 11. Rfe1 O-O 12. Bf1 Rfe8 13. a4 a5 14. b5 exd4 15. Nxd4 Nc5 16. Nf5 Qe5 17. f3 g6 18. Ne3 Qd4 19. Rad1 Qe5 20. Nb1 Nh5 21.
Nc3 Nf4 22. g3 Nfe6 23. Qd2 Nb3 24. Qb2 Nbd4 25. Bg2 Qc5 26. Kh1 Qb4 27. Qa1 Nb3 28. Qb2 Nbc5 29. Qc1 Nxa4 30. Ncd5 Qb2 0-1

[Event "*** Qualifier 4: Titled Tuesday 3|2 Blitz"]
[Site "Chess.com"]
[Date "2017.04.25"]
[Round "10"]
[White "jcibarra"]
[Black "Aygehovit1992"]
[Result "0-1"]
[WhiteElo "2662"]
[BlackElo "2503"]
[TimeControl "180+2"]
[EndTime "15:12:46 PDT"]
[Termination "Aygehovit1992 won by checkmate"]

1. e4 c5 2. Nf3 d6 3. d4 cxd4 4. Nxd4 Nf6 5. Nc3 Nc6 6. Bg5 e6 7. Qd2 a6 8. O-O-O Bd7 9. f3 Qc7 10. Kb1 Rc8 11. h4 Be7 12. g4 Nxd4 13. Qxd4 b5 14. Qd2 b4 15. Ne2 d5 16. e5 Ng8 17. Nd4 Qb7 18. h5 a5 19. Bxe7 Nxe7 20. Qg5 Rg8 21. h6 g6 22. f4 a4 23. Rh3 Qc7 24. Bd3 Kf8 25. Qf6 Qc5 26. Nf3 b3 27.
cxb3 Ke8 28. Ng5 Rf8 29. Nxh7 axb3 30. Nxf8 Ba4 31. Ka1 bxa2 32. Rg1 Qxg1+ 33. Kxa2 Ra8 34. Ba6 Rxa6 35. h7 Bc2+ 36. Ra3 Qb1# 0-1

[Event "*** Qualifier 4: Titled Tuesday 3|2 Blitz"]
[Site "Chess.com"]
[Date "2017.04.25"]
[Round "10"]
[White "ruvat"]
[Black "nonscitis"]
[Result "0-1"]
[WhiteElo "2224"]
[BlackElo "2342"]
[TimeControl "180+2"]
[EndTime "15:12:51 PDT"]
[Termination "nonscitis won on time"]

1. d4 Nf6 2. c4 e6 3. g3 d5 4. Nf3 dxc4 5. Bg2 Be7 6. O-O O-O 7.
Ne5 Nc6 8. Nxc6 bxc6 9. Na3 Ba6 10. Qa4 Bxa3 11. Qxa6 Be7 12. Bxc6 Rb8 13. Qxc4 Rb4 14. Qc3 Rxd4 15. Be3 Rd6 16. Bxa7 Nd5 17. Qc4 Nb6 18. Bxb6 cxb6 19. Bf3 Bf6 20. Rab1 Rd2 21. Qb4 Rc2 22. Rfd1 Qc7 23. a4 g6 24. b3 Rc8 25. e3 Ra2 26. Rd2 Bc3 27. Qxc3 Qxc3 28. Rxa2 Rd8 29. Be4 f5 30. Rc2 Qb4 31. Bf3 Kg7 32. h4 h5 33. Rc4 Qa3 34. Rc6 Qa2 35. Rf1 Qxb3 36.
Kg2 Rd2 37. Rc7+ Kf6 38. Ra7 Qxe3 0-1

[Event "*** Qualifier 4: Titled Tuesday 3|2 Blitz"]
[Site "Chess.com"]
[Date "2017.04.25"]
[Round "10"]
[White "Rating-Schmating"]
[Black "prochn"]
[Result "0-1"]
[WhiteElo "2218"]
[BlackElo "2221"]
[TimeControl "180+2"]
[EndTime "15:12:55 PDT"]
[Termination "prochn won by checkmate"]

1. e4 c6 2. Nf3 d5 3. Nc3 Bg4 4. h3 Bh5 5. Be2 e6 6. d3 Nd7 7. O-O a6 8. Bf4 Bxf3 9. Bxf3 d4 10. Ne2 e5 11. Bh2 Ngf6 12. g4 h6 13. Bg2 g5 14. Ng3 Bc5 15. Nf5 Qc7 16. Ng7+ Kf8 17. Nf5 Bd6 18. c3 dxc3 19. bxc3 Rd8 20. d4 Kg8 21.
Qb3 Ne8 22. Rad1 Qb6 23. dxe5 Qxb3 24. axb3 Bc7 25. Nd6 Bxd6 26. exd6 Ng7 27. e5 Ne6 28. b4 Kg7 29. Be4 Rhe8 30. Bf5 Nf4 31. Bxf4 gxf4 32. Bxd7 Rxd7 33. Rfe1 Re6 34. Kg2 f6 35. exf6+ Kxf6 36. Rxe6+ Kxe6 37. Kf3 Ke5 38. Re1+ Kf6 39. Rd1 Ke5 40.
c4 b6 41. c5 bxc5 42. bxc5 a5 43. Ra1 Ra7 44. Rd1 Rd7 45. Re1+ Kd5 46. Rc1 Ke5 47.
Rc4 Ra7 48. Ra4 Kd5 49. Rxa5 Rxa5 50. d7 Ra8 51. Kxf4 Kxc5 52. g5 hxg5+ 53. Kxg5 Kd6 54. f4 Kxd7 55. f5 Ke7 56. f6+ Kf7 57. h4 c5 58.
h5 c4 59. Kf4 c3 60. Ke3 Rd8 61. h6 c2 62. h7 c1=Q+ 63. Ke4 Qc3 64. Kf5 Qd4 65.
h8=Q Rd5# 0-1

[Event "*** Qualifier 4: Titled Tuesday 3|2 Blitz"]
[Site "Chess.com"]
[Date "2017.04.25"]
[Round "10"]
[White "PowerThinking2650"]
[Black "scrapnel"]
[Result "0-1"]
[WhiteElo "2308"]
[BlackElo "2465"]
[TimeControl "180+2"]
[EndTime "15:13:04 PDT"]
[Termination "scrapnel won by resignation"]

1. e4 c5 2. Nf3 d6 3. d4 cxd4 4.
Nxd4 Nf6 5. Nc3 a6 6. Be3 e6 7. f3 b5 8. Qd2 Nbd7 9. g4 Nb6 10.
g5 Nfd7 11. a3 Bb7 12. O-O-O Rb8 13. Qg2 Ne5 14. Kb1 Be7 15. Bc1 O-O 16. f4 Nec4 17. b3 Na5 18. Bb2 Re8 19. h4 Rc8 20. h5 Nc6 21. Nxc6 Bxc6 22. h6 g6 23. Qd2 Qc7 24. Bh3 Rcd8 25. Nd5 Bxd5 26. exd5 e5 27. f5 Nd7 28. f6 Bf8 29. Bxd7 Qxd7 30. Rhe1 Rc8 31. Re4 Rc5 32. c4 Rec8 33. Rc1 Qf5 34. Qc2 Qxg5 35.
Ree1 Bxh6 36. Qh2 Qf5+ 37. Ka2 Bf4 38. Qh4 bxc4 39. Rh1 h5 40. Rcg1 cxb3+ 41. Ka1 Rc2 42. Qxh5 Qxh5 43. Rxh5 Rh2 44. Rxh2 Bxh2 45. Rh1 Bf4 46.
Bc1 Rxc1+ 0-1

[Event "*** Qualifier 4: Titled Tuesday 3|2 Blitz"]
[Site "Chess.com"]
[Date "2017.04.25"]
[Round "10"]
[White "ehrenfeld"]
[Black "rasmussvane"]
[Result "1-0"]
[WhiteElo "2408"]
[BlackElo "2510"]
[TimeControl "180+2"]
[EndTime "15:13:12 PDT"]
[Termination "ehrenfeld won by resignation"]

1. e4 c6 2. d4 d5 3. exd5 cxd5 4.
Bd3 Nc6 5. c3 Qc7 6. Bg5 Nf6 7.
Nf3 Bg4 8. Nbd2 e6 9. Bh4 Bd6 10. Bg3 Bh5 11. O-O Bg6 12. Qe2 Bxd3 13. Qxd3 O-O 14.
Rae1 b5 15. Bxd6 Qxd6 16. Ne5 b4 17. Nxc6 Qxc6 18. cxb4 Rfc8 19. Nb3 Qc2 20. Qxc2 Rxc2 21. Rb1 Ne4 22. f3 Nd6 23. Rfc1 Rac8 24. Rxc2 Rxc2 25. Rc1 Rxb2 26. Rc6 Ne8 27. Ra6 g5 28. Rxa7 Nd6 29.
h4 gxh4 30. Kh2 h5 31. Ra6 Nf5 32. b5 Rb1 33. Rc6 Ne3 34. b6 Nf1+ 35. Kh3 Nd2 36. Rc1 1-0